Map: Old Estate

Players

WinterWolf - Winner!

  • Race: Terran Terran
  • League: Silver
  • Spawn Location: 1:00

Infamous - Winner!

  • Race: Protoss Protoss
  • League: Gold
  • Spawn Location: 3:00

Waterboy - Winner!

  • Race: Zerg Zerg
  • Spawn Location: 1:00

zukobud - Winner!

  • Race: Terran Terran
  • Spawn Location: 3:00

Perryx

  • Race: Zerg Zerg
  • Spawn Location: 7:00

Huntsman

  • Race: Protoss Protoss
  • Spawn Location: 9:00

KRX

  • Race: Terran Terran
  • Spawn Location: 7:00

Francky

  • Race: Terran Terran
  • Spawn Location: 7:00

VOD

Have the link to the VOD?

Description

Time

  • Played on: April 15, 2018, 8:22 p.m.
  • Length: 16:03
Show
View Real Time Build Order
Export as new Build Order

WinterWolf Terran - Winner!

Build Orders:  

Get SALT Encoding   

  12  0:16  Supply Depot  
  12  0:18  SCV  
  13  0:30  SCV  
  14  0:40  Barracks  
  14  1:18  Refinery  
  14  1:23  Refinery  
  14  1:28  Supply Depot  
  14  1:39  Supply Depot  
  14  1:58  Supply Depot  
  14  2:01  Command Center  
  14  2:10  Supply Depot  
  14  2:36  Orbital Command  
  14  3:02  SCV  
  15  3:14  SCV  
  16  3:28  SCV  
  16  3:31  SCV  
  18  3:40  Factory  
  18  3:41  SCV  
  19  3:42  Barracks Tech Lab  
  19  3:53  SCV  
  20  3:56  Refinery  
  20  3:59  Refinery  
  20  4:05  SCV  
  21  4:12  SCV  
  22  4:17  SCV  
  23  4:29  SCV  
  24  4:34  Starport  
  24  4:41  SCV  
  25  4:53  SCV  
  26  5:05  SCV  
  27  5:17  SCV  
  28  5:23  Starport  
  28  5:24  Starport Reactor  
  28  5:29  SCV  
  28  5:32  Armory  
  28  5:34  Armory  
  29  5:55  Marine  
  30  6:06  Bunker  
  30  6:09  Starport Reactor  
  30  6:13  Marine  
  31  6:21  SCV  
  32  6:30  Viking x2  
  32  6:31  Marine  
  37  6:33  SCV  
  38  6:48  Terran Ship Weapons Level 1  
  38  6:49  Marine  
  38  6:50  Terran Vehicle And Ship Armor Level 1  
  38  6:53  Viking x2  
  43  7:00  Viking x2  
  47  7:23  Viking x2  
  51  8:16  Viking x2  
  51  8:17  Viking x2  
  59  8:46  Viking x2  
  59  8:47  Viking x2  
  67  8:49  Terran Ship Weapons Level 2  
  67  8:50  Terran Vehicle And Ship Armor Level 2  
  67  9:16  Viking  
  69  9:31  Supply Depot  
  69  9:35  Supply Depot  
  69  9:52  Viking x3  
  75  9:54  Supply Depot  
  75  9:59  Supply Depot  
  75  10:16  Supply Depot  
  75  10:23  Supply Depot  
  75  10:37  Viking x3  
  75  10:38  Viking  
  75  10:39  Supply Depot  
  83  10:46  Supply Depot  
  83  11:02  Supply Depot  
  83  11:07  Viking x4  
  91  11:24  Supply Depot  
  91  11:37  Viking x4  
  99  12:05  Terran Ship Weapons Level 3  
  99  12:06  Terran Vehicle And Ship Armor Level 3  
  99  12:07  Viking x4  
  73  14:13  Viking x4  
  77  14:43  Viking x2  
Show
View Real Time Build Order
Export as new Build Order

Infamous Protoss - Winner!

Build Orders:  

Get SALT Encoding   

  12  0:01  Probe  
  13  0:15  Pylon  
  13  0:18  Probe (Chrono Boost)  
  15  0:29  Probe (Chrono Boost)  
  15  0:37  Gateway  
  15  0:47  Probe  
  16  0:59  Probe, Assimilator  
  17  1:08  Gateway  
  17  1:11  Probe (Chrono Boost)  
  18  1:20  Probe (Chrono Boost)  
  19  1:27  Probe  
  19  1:29  Cybernetics Core  
  20  1:39  Probe  
  21  1:43  Assimilator  
  21  1:45  Pylon  
  21  1:51  Probe  
  21  2:03  Probe, Stalker (Chrono Boost)  
  26  2:13  Stalker (Chrono Boost)  
  26  2:15  Probe  
  27  2:17  Warp Gate  
  27  2:37  Sentry  
  27  2:42  Probe  
  30  2:59  Probe, Nexus  
  31  3:11  Pylon  
  31  3:29  Probe, Stalker (Chrono Boost)  
  31  3:33  Stargate  
  36  3:36  Stalker (Chrono Boost)  
  36  3:41  Probe  
  37  3:57  Stargate  
  37  4:14  Probe (Chrono Boost)  
  39  4:18  Probe (Chrono Boost)  
  39  4:26  Probe (Chrono Boost)  
  39  4:27  Fleet Beacon  
  40  4:36  Shield Battery  
  40  4:42  Forge  
  40  4:49  Probe (Chrono Boost)  
  42  4:53  Probe (Chrono Boost)  
  42  4:56  Pylon  
  43  5:00  Probe (Chrono Boost)  
  43  5:03  Probe (Chrono Boost)  
  48  5:10  Void Ray (Chrono Boost)  
  48  5:22  Void Ray (Chrono Boost)  
  52  5:29  Probe x2 (Chrono Boost)  
  54  5:37  Shield Battery  
  54  5:39  Photon Cannon  
  54  5:41  Probe (Chrono Boost)  
  56  5:47  Probe (Chrono Boost), Assimilator  
  56  5:51  Pylon  
  56  5:53  Probe (Chrono Boost)  
  57  6:05  Probe x2 (Chrono Boost)  
  57  6:09  Tempest, Assimilator  
  65  6:17  Probe (Chrono Boost)  
  67  6:23  Probe (Chrono Boost)  
  67  6:26  Stargate  
  67  7:09  Probe x2  
  69  7:16  Protoss Air Weapons Level 1 (Chrono Boost)  
  69  7:31  Probe  
  70  7:40  Pylon  
  70  7:57  Tempest (Chrono Boost)  
  70  7:58  Probe x2  
  78  8:01  Robotics Facility  
  78  8:15  Pylon  
  78  8:17  Pylon  
  78  8:18  Pylon  
  78  8:33  Probe  
  85  8:34  Tempest (Chrono Boost)  
  85  8:35  Tempest (Chrono Boost)  
  85  8:39  Photon Cannon  
  91  8:43  Photon Cannon  
  91  8:44  Photon Cannon  
  91  8:46  Photon Cannon  
  91  8:48  Photon Cannon x2  
  91  8:52  Photon Cannon  
  97  8:57  Photon Cannon  
  97  9:00  Photon Cannon  
  97  9:01  Photon Cannon, Tempest (Chrono Boost)  
  97  9:20  Probe x2  
  97  9:21  Protoss Air Weapons Level 2 (Chrono Boost)  
  97  9:22  Protoss Shields Level 1  
  99  9:24  Anion Pulse-Crystals (Chrono Boost)  
  99  9:58  Nexus  
  99  10:02  Pylon  
  99  10:04  Pylon  
  99  10:20  Tempest  
  105  10:21  Tempest x2  
  117  10:31  Assimilator  
  117  10:32  Pylon  
  117  10:33  Probe, Pylon  
  118  10:36  Assimilator  
  118  10:50  Probe x2  
  120  11:40  Tempest  
  120  11:41  Tempest x2  
  108  12:57  Carrier (Chrono Boost)  
  126  12:58  Carrier (Chrono Boost)  
  126  12:59  Carrier (Chrono Boost)  
  126  13:22  Protoss Air Weapons Level 3  
  126  13:24  Graviton Catapult  
  120  14:15  Carrier x2 (Chrono Boost)  
  120  14:16  Carrier (Chrono Boost)  
Show
View Real Time Build Order
Export as new Build Order

Waterboy Zerg - Winner!

Build Orders: Pool First 

Get SALT Encoding   

  12  0:06  Drone  
  13  13:49  Spawning Pool  
  12  14:26  Hatchery  
  11  15:34  Evolution Chamber  
  10  15:37  Evolution Chamber  
  10  15:41  Evolution Chamber  
  10  15:57  Hatchery  
Show
View Real Time Build Order
Export as new Build Order

zukobud Terran - Winner!

Build Orders:  

Get SALT Encoding   

  12  0:02  SCV  
  13  0:14  SCV  
  14  0:26  SCV  
  15  0:33  Supply Depot  
  15  0:48  Refinery  
  15  0:59  SCV  
  17  1:11  SCV  
  17  1:13  Barracks  
  17  1:23  SCV  
  18  1:33  Refinery  
  18  1:46  SCV  
  19  1:58  SCV  
  20  2:05  Bunker  
  20  2:19  Orbital Command  
  20  2:39  Bunker  
  20  2:51  Bunker  
  20  3:09  Barracks Reactor  
  20  3:11  Factory  
  20  3:59  Marine  
  20  4:00  Marine  
  22  4:09  Starport  
  22  4:14  Starport  
  22  4:17  Marine  
  23  4:31  Factory Tech Lab  
  23  4:39  Starport  
  23  4:44  Starport  
  23  4:48  Supply Depot  
  23  4:59  Marine x2  
  23  5:00  SCV  
  26  5:10  Supply Depot  
  26  5:12  SCV  
  27  5:17  Marine  
  28  5:24  SCV  
  29  5:30  Starport Tech Lab x2  
  29  5:31  Starport Tech Lab x2  
  29  5:36  SCV  
  29  5:40  Starport  
  30  5:46  Starport  
  30  5:48  SCV  
  31  5:56  Command Center  
  31  6:00  SCV  
  31  6:02  Engineering Bay  
  32  6:12  SCV  
  33  6:24  SCV, Starport Tech Lab  
  34  6:25  Banshee  
  34  6:26  Banshee x2  
  34  6:27  Banshee  
  34  6:30  Cloaking Field  
  46  6:37  SCV  
  47  6:44  Starport Tech Lab  
  47  7:07  Supply Depot, SCV  
  48  7:15  Orbital Command  
  48  7:18  Refinery  
  48  7:24  Missile Turret  
  48  7:25  Refinery  
  48  7:26  Banshee  
  51  7:30  Supply Depot  
  51  7:56  Supply Depot  
  51  8:10  Banshee x4  
  63  8:14  SCV  
  64  8:20  Supply Depot  
  64  8:26  SCV  
  65  8:28  SCV  
  66  8:40  SCV  
  67  8:44  Supply Depot  
  67  8:45  Banshee  
  67  8:46  Banshee  
  73  8:52  SCV  
  74  8:57  Fusion Core  
  74  9:04  SCV  
  75  9:16  SCV  
  76  9:18  Command Center  
  76  9:19  Banshee  
  79  9:28  SCV  
  80  9:40  SCV  
  81  9:47  Banshee x4  
  93  9:54  Weapon Refit  
  93  10:01  Supply Depot  
  93  10:18  Banshee  
  96  10:49  Battlecruiser  
  102  10:54  Orbital Command  
  102  11:11  Marine x2  
  102  11:15  SCV  
  102  11:16  SCV  
  106  11:24  Battlecruiser  
  112  11:29  Marine x2  
  114  11:35  Supply Depot  
  114  11:42  Supply Depot  
  114  11:47  Marine x2  
  116  12:04  Marine x2  
  115  13:45  Battlecruiser  
  115  13:46  Battlecruiser x3  
Show
View Real Time Build Order
Export as new Build Order

Perryx Zerg 

Build Orders: Pool First 

Get SALT Encoding   

  12  0:08  Drone x2  
  14  0:29  Overlord  
  14  0:38  Spawning Pool  
  13  0:47  Evolution Chamber  
  12  0:51  Drone  
  12  0:52  Drone  
  14  1:16  Extractor  
  13  1:20  Extractor  
  12  1:26  Zergling x6  
  15  1:41  Hatchery  
  15  1:44  Drone  
  15  2:04  Drone x2  
  17  2:16  Drone  
  17  2:19  Queen  
  20  2:54  Queen  
  20  2:56  Drone x2  
  20  2:57  Drone  
  25  3:03  Pneumatized Carapace  
  25  3:19  Spore Crawler  
  24  3:26  Drone x2  
  26  3:30  Queen  
  28  3:42  Spore Crawler  
  28  3:48  Drone  
  28  3:50  Roach Warren  
  28  3:51  Overlord  
  27  4:18  Lair  
  27  4:32  Drone, Hatchery  
  27  5:29  Overseer  
  27  5:42  Hydralisk Den  
  26  5:49  Infestation Pit  
  25  5:56  Spire, Glial Reconstitution  
  24  6:01  Drone x5  
  29  6:06  Drone x3  
  32  6:23  Roach x4  
  32  6:24  Roach  
  42  6:34  Extractor  
  42  6:36  Extractor  
  40  6:48  Hive  
  40  7:00  Overseer  
  40  7:06  Overseer  
  40  8:04  Mutalisk  
  42  8:09  Overlord x4  
  42  8:45  Mutalisk  
  42  8:46  Mutalisk x4  
  52  8:54  Mutalisk  
  54  9:09  Drone x3  
  57  9:50  Grooved Spines  
  57  9:52  Zerg Melee Weapons Level 1  
  57  9:54  Metabolic Boost  
  57  10:05  Drone  
  58  10:12  Corruptor x2  
  62  10:20  Overlord  
  62  10:21  Overlord x2  
  62  10:22  Overlord  
  62  10:33  Spore Crawler  
  61  10:38  Spore Crawler  
  60  11:01  Muscular Augments  
  60  11:07  Corruptor x3  
  60  11:08  Corruptor  
  68  11:23  Spore Crawler  
  67  11:28  Greater Spire  
  67  11:42  Drone x3  
  52  13:16  Mutalisk x3  
  52  13:17  Mutalisk x3  
  64  13:20  Corruptor x3  
  70  13:27  Corruptor x3  
  70  13:28  Corruptor x2  
  39  14:47  Hydralisk x2  
  39  14:48  Hydralisk x4  
  39  14:52  Zergling x6  
Show
View Real Time Build Order
Export as new Build Order

Huntsman Protoss 

Build Orders:  

Get SALT Encoding   

  12  0:04  Probe (Chrono Boost)  
  14  0:14  Probe (Chrono Boost)  
  14  0:24  Pylon  
  14  0:35  Pylon  
  14  0:43  Forge  
  14  0:48  Probe  
  15  1:00  Probe  
  16  1:13  Probe  
  17  1:22  Photon Cannon  
  17  2:15  Photon Cannon  
  17  2:17  Photon Cannon  
  17  2:18  Pylon, Photon Cannon  
  17  2:20  Photon Cannon  
  17  2:22  Gateway, Assimilator  
  17  2:29  Assimilator  
  17  2:31  Pylon  
  17  2:42  Photon Cannon  
  17  2:47  Photon Cannon  
  17  2:56  Photon Cannon  
  17  3:04  Probe  
  18  3:16  Probe  
  18  3:18  Pylon  
  19  3:24  Zealot  
  21  3:28  Probe (Chrono Boost)  
  22  3:41  Cybernetics Core  
  22  3:46  Photon Cannon  
  22  3:59  Pylon, Probe  
  23  4:11  Probe  
  24  4:19  Photon Cannon  
  24  4:20  Photon Cannon  
  24  4:24  Probe  
  25  4:27  Photon Cannon  
  25  4:36  Shield Battery  
  25  4:41  Shield Battery  
  25  4:58  Shield Battery  
  25  4:59  Shield Battery  
  25  5:01  Shield Battery  
  25  5:10  Pylon  
  25  5:18  Shield Battery  
  25  5:25  Shield Battery  
  25  6:00  Nexus  
  25  6:02  Pylon  
  25  6:22  Shield Battery  
  25  6:29  Photon Cannon  
  25  6:33  Photon Cannon  
  25  6:39  Stargate  
  25  6:45  Stargate  
  25  6:54  Stargate  
  25  7:05  Pylon  
  25  7:13  Assimilator  
  25  7:16  Probe  
  25  7:17  Assimilator  
  26  7:28  Probe  
  27  7:35  Twilight Council  
  27  7:40  Probe (Chrono Boost)  
  29  7:53  Probe (Chrono Boost)  
  29  8:01  Probe  
  30  8:06  Fleet Beacon  
  30  8:13  Probe  
  31  8:21  Dark Shrine  
  31  8:38  Void Ray  
  35  8:52  Void Ray  
  39  9:27  Nexus  
  39  9:33  Assimilator  
  39  9:40  Assimilator  
  39  9:50  Photon Cannon  
  39  9:58  Shield Battery  
  39  10:04  Dark Templar  
  41  10:10  Probe  
  42  10:22  Probe (Chrono Boost)  
  43  10:33  Probe (Chrono Boost)  
  44  10:40  Probe (Chrono Boost)  
  44  10:42  Probe (Chrono Boost)  
  46  10:45  Probe (Chrono Boost)  
  46  10:46  Probe (Chrono Boost)  
  46  10:48  Probe  
  49  10:55  Probe  
  49  10:56  Probe  
  51  11:00  Probe  
  52  11:08  Pylon, Probe  
  53  11:28  Shield Battery  
  53  11:33  Shield Battery  
  53  11:39  Photon Cannon  
  53  11:43  Photon Cannon  
  53  11:54  Photon Cannon  
  53  12:01  Shield Battery  
Show
View Real Time Build Order
Export as new Build Order

KRX Terran 

Build Orders:  

Get SALT Encoding   

  12  0:10  SCV  
  13  0:22  SCV  
  14  0:30  Supply Depot  
  14  0:32  Refinery  
  14  0:39  SCV  
  15  0:52  SCV  
  16  1:04  Barracks, SCV  
  17  1:17  SCV  
  18  1:23  Refinery  
  18  1:44  SCV  
  19  1:53  Supply Depot  
  19  1:57  SCV  
  19  1:59  Factory  
  20  2:04  Marine  
  21  2:16  Supply Depot  
  21  2:21  Orbital Command  
  21  2:22  Marine  
  22  2:39  Marine  
  23  2:49  Starport  
  23  2:56  Widow Mine  
  23  2:57  Marine  
  26  3:15  Marine  
  26  3:18  Widow Mine  
  29  3:27  Starport  
  29  3:37  Medivac  
  31  3:56  Command Center  
  31  4:06  Starport Tech Lab  
  31  4:07  Medivac  
  33  4:10  Factory Tech Lab  
  33  4:21  SCV  
  33  4:23  Barracks Reactor  
  34  4:43  Supply Depot  
  34  4:44  Siege Tank  
  37  5:07  Command Center  
  37  5:10  Refinery  
  37  5:20  SCV  
  38  5:32  SCV  
  39  5:44  SCV  
  40  5:52  Marine  
  40  5:53  Marine  
  40  5:56  SCV  
  43  5:57  Starport Tech Lab  
  43  6:08  SCV  
  43  6:10  Marine  
  43  6:11  Marine  
  46  6:15  SCV  
  47  6:20  SCV  
  47  6:24  Banshee  
  47  6:25  Supply Depot  
  51  6:27  SCV  
  51  6:28  Marine x2, Banshee  
  58  6:32  SCV  
  58  6:39  SCV  
  59  6:46  Marine, SCV  
  61  6:52  Refinery  
  61  6:58  SCV  
  62  7:04  SCV  
  63  7:10  SCV  
  64  7:16  SCV  
  64  7:17  Marine  
  64  7:18  Marine  
  64  7:22  SCV  
  68  7:23  Siege Tank  
  68  7:28  SCV  
  72  7:34  SCV  
  72  7:35  Marine  
  72  7:36  Marine  
  75  7:40  SCV  
  76  7:46  SCV  
  77  7:52  SCV  
  77  7:53  Marine  
  77  7:54  Marine, Banshee x2  
  77  7:56  Cloaking Field  
  86  8:11  Marine x2  
  88  8:15  SCV  
  88  8:17  Orbital Command  
  89  8:23  Refinery  
  89  8:27  SCV  
  90  8:36  Supply Depot  
  90  8:37  Banshee  
  93  8:55  SCV, Banshee  
  97  9:06  Supply Depot  
  97  9:07  SCV  
  98  9:14  Refinery  
  98  9:19  SCV  
  98  9:20  Viking  
  101  9:30  Supply Depot  
  101  9:31  SCV  
  101  9:38  Viking  
  104  9:44  SCV  
  105  9:49  Medivac  
  107  10:08  Medivac  
  107  10:10  Marine x2  
  111  10:18  Widow Mine  
  111  10:19  Banshee  
  116  10:23  Command Center  
  116  10:28  Marine x2  
  118  10:38  Banshee, Engineering Bay  
  118  10:39  Widow Mine  
  123  10:45  Marine  
  123  10:46  Marine  
  125  11:05  Armory  
  125  11:18  Starport  
  125  11:26  Supply Depot  
  125  11:28  Supply Depot  
  125  11:34  Banshee  
  125  11:35  Marine x2, Viking  
  132  11:52  Fusion Core  
  132  12:05  Viking  
  133  12:11  Supply Depot  
  133  12:13  Supply Depot  
  131  12:39  Supply Depot  
  131  12:41  Supply Depot  
  127  13:02  Viking  
  127  13:03  Supply Depot  
  127  13:04  Supply Depot  
Show
View Real Time Build Order
Export as new Build Order

Francky Terran 

Build Orders:  

Get SALT Encoding   

  12  0:13  SCV  
  13  0:37  SCV  
  13  0:41  Supply Depot  
  14  0:45  Supply Depot  
  14  0:49  SCV  
  15  0:51  Engineering Bay  
  15  1:03  SCV  
  16  1:12  Barracks  
  16  1:15  SCV  
  17  1:20  Refinery  
  17  1:28  Refinery  
  17  2:10  SCV  
  17  2:12  Command Center  
  18  2:22  SCV  
  19  2:23  Barracks Tech Lab  
  19  2:34  SCV  
  20  2:37  Barracks  
  20  2:46  SCV  
  20  2:48  Marauder  
  23  2:58  SCV  
  24  3:07  Terran Infantry Weapons Level 1  
  24  3:09  Marine  
  24  3:10  SCV  
  26  3:20  Concussive Shells  
  26  3:22  SCV  
  27  3:27  Bunker  
  27  3:30  Barracks Reactor  
  27  3:32  Marine  
  29  3:41  SCV  
  29  3:50  Marine, SCV  
  29  3:53  SCV  
  32  4:02  SCV  
  33  4:05  SCV, Sensor Tower  
  33  4:08  Marine x2  
  36  4:11  Marauder  
  38  4:19  SCV  
  39  4:25  Marine  
  39  4:26  Marine  
  39  4:30  Sensor Tower  
  41  4:31  SCV  
  42  4:43  Marine x2  
  42  4:45  Reaper  
  45  4:50  Supply Depot, SCV  
  46  5:03  Terran Infantry Armor Level 1  
  46  5:11  SCV  
  47  5:18  Missile Turret  
  47  5:23  Reaper  
  47  5:24  SCV  
  49  5:32  Ghost Academy  
  49  5:34  Orbital Command  
  49  5:40  Factory  
  49  5:45  Marauder  
  49  5:47  Reaper  
  52  5:53  Missile Turret  
  52  6:09  Planetary Fortress  
  52  6:14  Missile Turret  
  52  6:22  Supply Depot  
  52  6:29  Factory Tech Lab  
  52  6:30  Personal Cloaking  
  52  6:40  Refinery  
  52  6:43  Refinery  
  52  6:57  Siege Tank  
  55  7:05  Supply Depot  
  55  7:10  Missile Turret  
  55  7:18  Hi-Sec Auto Tracking  
  55  7:29  Siege Tank  
  58  7:31  Missile Turret  
  58  8:09  Siege Tank  
  61  8:14  Starport  
  61  8:19  Building Armor  
  61  8:27  Nuke  
  61  8:41  Siege Tank  
  61  8:45  Marine  
  61  8:47  Marine x2  
  67  8:53  Starport Reactor  
  67  8:57  Starport  
  67  9:02  Marine  
  68  9:48  Supply Depot  
  68  9:57  Liberator  
  68  10:02  Viking  
  70  10:09  Neosteel Frame  
  70  10:16  Medivac  
  75  10:25  Supply Depot  
  75  10:29  Liberator  
  75  10:32  Viking  
  77  10:48  Supply Depot  
  80  11:25  Starport Reactor  
  80  11:26  Starport  
  80  11:35  Starport  
  80  11:39  Viking  
  82  11:40  Viking  
  84  11:49  Missile Turret  
  83  12:57  Sensor Tower  
  83  12:59  Sensor Tower  
  83  13:05  Command Center  
  67  13:43  Liberator x2  
  39  13:56  Viking x2  
  12  15:45  Marine x3  
Tags
 
Add a new tag
Caveats
  • Supply blocks, unpowered buildings, or Contaminate may cause inaccurate times.
  • Supply counts are checked every 10 seconds.